 Dungeon Crawl Stone Soup version 0.31-a0-164-g2312942fda (webtiles) character file.

Game seed: 10964187211319163852

209 qw the Chopper (level 5, -2/32 HPs)
             Began as a Gargoyle Fighter on June 13, 2023.
             Slain by Sigmund
             ... wielding a +4 scythe
              (11 damage)
             ... on level 3 of the Dungeon.
             The game lasted 00:01:26 (2477 turns).

qw the Chopper (Gargoyle Fighter)                   Turns: 2477, Time: 00:01:27

Health: -2/32      AC: 13    Str: 21    XL:     5   Next: 87%
Magic:  5/5        EV:  7    Int:  9    God:
Gold:   72         SH:  4    Dex:  9    Spells: 4/4 levels left

rFire   + . .        Y - +0 war axe
rCold   . . .        c - +0 buckler
rNeg    + . .        a - +0 chain mail
rPois   inf          (no helmet)
rElec   +            (no cloak)
rCorr   .            (no gloves)
SInv    .            (no boots)
Will    .....        (no amulet) Stlth
                     m - ring of protection from fire
HPRegen 0.25/turn    (no ring)
MPRegen 0.09/turn

%: no passive effects
@: no status effects
A: sickness immunity, AC +4, negative energy resistance 1, electricity
resistance, torment resistance 1, petrification resistance
a: no special abilities


You were on level 3 of the Dungeon.
You visited 1 branch of the dungeon, and saw 3 of its levels.

You collected 84 gold pieces.
You spent 12 gold pieces at shops.


Innate Abilities, Weirdness & Mutations

You are immune to sickness and miasma.
Your stone body is resilient. (AC +4)
You are immune to poison.
You resist negative energy. (rN+)
You are resistant to electric shocks. (rElec)
You are resistant to unholy torment.
You are immune to petrification.


   Skills:
 + Level 3.6 Fighting
 - Level 5.0 Axes
 - Level 1.2 Throwing
 - Level 3.2 Armour
 - Level 3.2 Shields


You had 4 spell levels left.
You didn't know any spells.
Your spell library was empty.

Inventory:

Hand Weapons
 j - a +0 flail
 Y - a +0 war axe (weapon)
Missiles
 e - a javelin (quivered)
Armour
 a - a +0 chain mail (worn)
 b - a +0 helmet
 c - a +0 buckler (worn)
 l - a +0 pair of gloves
Jewellery
 m - a ring of protection from fire (left hand)
Scrolls
 g - 2 scrolls of identify
Potions
 d - a potion of might
 h - a potion of haste
 i - a potion of resistance

Dungeon Overview and Level Annotations

Branches:
Dungeon (3/15)

Altars:
Vehumet
Yredelemnul
The Shining One

Shops:
D:1 (

Annotations:
D:3 Sigmund


Message History

2468 ||| DRINKING potion of heal wounds.
You feel much better.
You feel less confused. The goblin hits you but does no damage.
You barely miss Sigmund.
Sigmund is almost dead.
You barely miss the goblin. Sigmund hits you with a +4 scythe!
The goblin hits you with a +0 club.
You hit Sigmund but do no damage.
Sigmund is almost dead.
You slash the goblin!
You kill the goblin!
Sigmund casts a spell at you. The puff of flame hits you. You resist.
You barely miss Sigmund.
Sigmund is almost dead.
Sigmund whispers, "You'll know eternity soon."
You block Sigmund's attack.
You closely miss Sigmund.
Sigmund is almost dead.
Sigmund casts a spell at you. You resist with some effort.
You closely miss Sigmund.
Sigmund is almost dead.
Sigmund says, "I'm your fate." Sigmund casts a spell at you.
The magic dart hits you. Sigmund hits you with a +4 scythe!
You hit Sigmund.
Sigmund is almost dead.
You barely miss Sigmund.
Sigmund is almost dead.
Sigmund looks at you with fury. Sigmund hits you but does no damage.
You closely miss Sigmund.
Sigmund is almost dead.
Sigmund closely misses you.
You barely miss Sigmund.
Sigmund is almost dead.
Sigmund hits you with a +4 scythe!
You die...

#.#...#.### ..#...#....
###........ #...#####
###+### ###.#....
######.....#######.#.###
.......¤¤...............
####..¤~~¤.._..~~~~..###
......@@¤...............
######)....###.#########
.........# #.....#
####(....# #####.#
#.....# #..?.(# #######


You could see Sigmund.

Vanquished Creatures
  A hound (D:3)
  Terence (D:3)
  An orc wizard (D:2)
  Robin (D:3)
  2 adders
  3 gnolls (D:3)
  A dart slug (D:2)
  3 orcs (D:3)
  7 ball pythons
  2 endoplasms
  4 giant cockroaches
  13 goblins
  8 hobgoblins
  2 quokkas (D:1)
  8 bats
  4 frilled lizards (D:1)
  3 kobolds
64 creatures vanquished.

Notes
Turn   | Place    | Note
-------+----------+-------------------------------------------
     0 | D:1      | qw the Gargoyle Fighter began the quest for the Orb.
     0 | D:1      | Reached XP level 1. HP: 14/14 MP: 1/1
     0 | D:1      | 0 ||| qw: Version: 0.2-a-29-gc1b59c4
     0 | D:1      | 0 ||| qw: Game counter: 4486
     0 | D:1      | 0 ||| qw: Always use a shield: true
     0 | D:1      | 0 ||| qw: God list: Okawaru
     0 | D:1      | 0 ||| qw: Allow faded altars: false
     0 | D:1      | 0 ||| qw: Do Orc after D:15 true
     0 | D:1      | 0 ||| qw: Do second Lair branch before Depths: true
     0 | D:1      | 0 ||| qw: Lair rune preference: random
     0 | D:1      | 0 ||| qw: Plans: Normal, Zot:1-4, Slime:5, God:TSO, Crypt,
                  | Tomb, Abyss, Pan, Hells, Win
     0 | D:1      | 0 ||| PLANNING D:1-11
   106 | D:1      | Reached skill level 2 in Axes
   214 | D:1      | Found Juasaemo's Weapon Boutique.
   225 | D:1      | 225 ||| BUYING +0 club (12 gold).
   225 | D:1      | Bought a +0 club for 12 gold pieces
   225 | D:1      | 225 ||| SHOPLISTING +0 mace (36 gold, have 26).
   262 | D:1      | Reached XP level 2. HP: 19/19 MP: 2/2
   816 | D:1      | Reached skill level 3 in Axes
   949 | D:1      | 949 ||| DROPPING scarf of shadows.
   950 | D:1      | 950 ||| UPGRADING to ring of protection from fire.
   951 | D:1      | 951 ||| READING scroll labelled GIM KISAH ARR.
   952 | D:1      | 952 ||| READING scroll labelled YBRUT JOJOE.
   957 | D:1      | 957 ||| READING scroll labelled GAOMAR LY ZOA.
   958 | D:1      | 958 ||| READING scroll labelled ETUANI FEMEI.
   974 | D:2      | 974 ||| STAIRDANCE
  1018 | D:2      | Reached XP level 3. HP: 23/23 MP: 3/3
  1089 | D:2      | Found a faded altar of an unknown god.
  1091 | D:2      | 1091 ||| DROPPING +0 club.
  1124 | D:2      | 1124 ||| Stepping ~*~*~tactically~*~*~ (stealth).
  1125 | D:2      | 1125 ||| Stepping ~*~*~tactically~*~*~ (stealth).
  1235 | D:2      | Found a basalt altar of Yredelemnul.
  1470 | D:2      | 1470 ||| READING scroll labelled PAROKI LOZAGEB.
  1471 | D:2      | 1471 ||| DRINKING 2 fizzy purple potions.
  1472 | D:2      | 1472 ||| READING 3 scrolls of identify.
  1472 | D:2      | 1472 ||| IDENTIFYING metallic cyan potion
  1473 | D:2      | 1473 ||| READING 2 scrolls of identify.
  1473 | D:2      | 1473 ||| IDENTIFYING glowing golden potion
  1531 | D:3      | 1531 ||| FLEEEEING.
  1532 | D:3      | 1532 ||| FLEEEEING.
  1533 | D:3      | 1533 ||| FLEEEEING.
  1534 | D:3      | 1534 ||| FLEEEEING.
  1535 | D:3      | 1535 ||| FLEEEEING.
  1536 | D:3      | 1536 ||| FLEEEEING.
  1537 | D:3      | 1537 ||| FLEEEEING.
  1538 | D:3      | 1538 ||| FLEEEEING.
  1539 | D:3      | 1539 ||| FLEEEEING.
  1540 | D:3      | 1540 ||| FLEEEEING.
  1541 | D:3      | 1541 ||| FLEEEEING.
  1542 | D:3      | 1542 ||| FLEEEEING.
  1543 | D:3      | 1543 ||| FLEEEEING.
  1544 | D:3      | 1544 ||| FLEEEEING.
  1545 | D:3      | 1545 ||| FLEEEEING.
  1546 | D:3      | 1546 ||| FLEEEEING.
  1547 | D:3      | 1547 ||| FLEEEEING.
  1548 | D:3      | 1548 ||| FLEEEEING.
  1549 | D:3      | 1549 ||| FLEEEEING.
  1550 | D:3      | 1550 ||| FLEEEEING.
  1551 | D:3      | 1551 ||| FLEEEEING.
  1552 | D:3      | 1552 ||| FLEEEEING.
  1632 | D:3      | 1632 ||| DROPPING +0 whip.
  1645 | D:3      | Reached skill level 1 in Throwing
  1645 | D:3      | Reached XP level 4. HP: 28/28 MP: 4/4
  1707 | D:3      | Noticed Terence
  1718 | D:3      | Killed Terence
  1719 | D:3      | Reached skill level 4 in Axes
  1719 | D:3      | Reached XP level 5. HP: 19/32 MP: 5/5
  1796 | D:3      | 1796 ||| Stepping ~*~*~tactically~*~*~ (hiding).
  1816 | D:3      | 1816 ||| STAIRDANCE
  1912 | D:2      | 1912 ||| UPGRADING to +0 chain mail.
  1922 | D:2      | 1922 ||| DROPPING +0 scale mail.
  1923 | D:2      | 1923 ||| READING 2 scrolls of identify.
  1923 | D:2      | 1923 ||| IDENTIFYING pink potion
  2050 | D:3      | 2050 ||| FLEEEEING.
  2056 | D:3      | 2056 ||| FLEEEEING.
  2057 | D:3      | 2057 ||| FLEEEEING.
  2058 | D:3      | 2058 ||| FLEEEEING.
  2192 | D:3      | 2192 ||| Stepping ~*~*~tactically~*~*~ (hiding).
  2193 | D:3      | 2193 ||| Stepping ~*~*~tactically~*~*~ (hiding).
  2216 | D:3      | Noticed Robin
  2217 | D:3      | 2217 ||| Stepping ~*~*~tactically~*~*~ (hiding).
  2222 | D:3      | 2222 ||| Stepping ~*~*~tactically~*~*~ (stealth).
  2224 | D:3      | Reached skill level 5 in Axes
  2231 | D:3      | Killed Robin
  2316 | D:3      | Found a glowing golden altar of the Shining One.
  2437 | D:3      | Found a radiant altar of Vehumet.
  2448 | D:3      | Noticed Sigmund
  2454 | D:3      | 2454 ||| DRINKING potion of curing.
  2454 | D:3      | 2454 ||| (to cure confusion)
  2467 | D:3      | HP: 5/32 [Sigmund/+4 scythe (11)]
  2468 | D:3      | 2468 ||| DRINKING potion of heal wounds.
  2473 | D:3      | HP: 8/32 [Sigmund/+4 scythe (9)]
  2477 | D:3      | Slain by Sigmund

Levels and vault maps discovered:
D:1:      lightli_arrival_boilingwater, layout_basic, serial_shops,
          nicolae_shop_bloodbath_and_beyond, dk_noncrumbling_2,
          chequers_serial_rivers_room_a, minmay_parallelograms
D:2:      layout_rooms, hellmonk_ecumenical_altar_blasted, basic_altar,
          minmay_crystal_room
D:3:      layout_basic, tso_oasis_becter, mainiacjoe_overflow_boulevard,
          uniq_terence, uniq_robin, uniq_sigmund

Skill      XL: |  1  2  3  4  5 |
---------------+----------------+-----
Axes           | 2 3 4 5 |  5.0
Throwing       | 1 |  1.2
Fighting       | |  3.6
Armour         | |  3.2
Shields        | |  3.2

Action                     |  1- 3 |  4- 6 || total
---------------------------+-------+-------++-------
  Melee: War axe           |   111 |   126 ||   237
  Throw: Javelin           |     6 |     9 ||    15
    Use: Scroll            |     7 |     1 ||     8
         Potion            |     1 |     2 ||     3
 Armour: Scale mail        |    50 |    59 ||   109
         Chain mail        |       |    35 ||    35
  Dodge: Dodged            |    56 |    42 ||    98
  Block: Buckler           |    19 |    22 ||    41

Table legend:
 A = Non-vault XP
 B = Vault XP
 C = Vault XP percentage of total XP
 D = Non-vault monster count
 E = Vault monster count
 F = Vault count percentage of total count
                 A         B        C        D         E       F
            +---------+---------+-------+---------+---------+-------
      Total |     224 |      75 |  25.1 |      51 |      13 |  20.3
            +---------+---------+-------+---------+---------+-------
        D:1 |      30 |       0 |   0.0 |      20 |       0 |   0.0
        D:2 |      69 |       0 |   0.0 |      13 |       0 |   0.0
        D:3 |     125 |      75 |  37.5 |      18 |      13 |  41.9
            +---------+---------+-------+---------+---------+-------
